Map: Acropolis LE

Players

Mez

  • Race: Terran Terran
  • League: Master
  • Spawn Location: 11:00

A.I. 1 (Very Easy) - Winner!

  • Race: Zerg Zerg
  • Spawn Location: 5:00

VOD

Have the link to the VOD?

Description

Time

  • Played on: Aug. 9, 2019, 8:54 a.m.
  • Length: 12:20
Show
View Real Time Build Order
Export as new Build Order

Mez Terran 

Build Orders: Reaper Expand 

Get SALT Encoding   

  12  0:01  SCV  
  13  0:13  SCV  
  14  0:17  Supply Depot  
  14  0:25  SCV  
  15  0:39  SCV  
  15  0:41  Barracks  
  16  0:44  Refinery  
  16  0:51  SCV  
  17  1:03  SCV  
  18  1:15  SCV  
  19  1:29  Reaper, Orbital Command  
  20  1:40  Command Center  
  20  1:49  Bunker  
  20  1:55  SCV  
  21  2:01  Barracks Reactor  
  21  2:09  SCV  
  21  2:10  Supply Depot  
  22  2:21  SCV  
  23  2:35  SCV  
  24  2:37  Marine  
  24  2:38  Factory, Marine  
  26  2:48  SCV  
  26  2:50  Command Center  
  27  2:55  Orbital Command  
  27  2:58  Marine x2  
  28  3:05  Refinery  
  29  3:07  SCV  
  30  3:15  Marine  
  30  3:16  Marine  
  33  3:20  SCV  
  33  3:23  SCV  
  33  3:24  Widow Mine  
  36  3:32  Starport  
  36  3:37  Marine x2  
  36  3:40  SCV x2  
  40  3:45  Widow Mine  
  42  3:48  Refinery  
  42  3:52  SCV x2  
  42  3:55  Supply Depot  
  44  4:03  Orbital Command  
  44  4:04  SCV x2  
  44  4:05  Marine x2  
  44  4:07  Factory Tech Lab  
  48  4:12  Starport Tech Lab  
  48  4:16  SCV x2  
  50  4:26  Siege Tank  
  50  4:27  Marine x2  
  50  4:28  SCV x2  
  58  4:31  SCV  
  58  4:35  Supply Depot  
  58  4:37  Raven  
  60  4:40  SCV x2  
  60  4:43  SCV  
  63  4:50  Barracks  
  63  4:51  Barracks  
  63  4:52  SCV x2  
  64  4:55  SCV  
  64  4:58  Marine x2  
  64  4:59  Supply Depot  
  68  5:02  Siege Tank  
  71  5:07  Refinery  
  71  5:09  SCV  
  71  5:10  SCV  
  73  5:17  Engineering Bay  
  73  5:18  Engineering Bay  
  73  5:22  SCV x2, Supply Depot  
  75  5:30  Starport Reactor  
  75  5:37  SCV  
  75  5:38  SCV  
  77  5:47  Terran Infantry Armor Level 1, Terran Infantry Weapons Level 1  
  77  5:48  Stimpack, Marine x2, Barracks x2  
  77  5:49  SCV, Marauder  
  82  5:50  SCV, Factory Reactor  
  82  5:52  Marauder  
  82  5:56  Orbital Command, Supply Depot  
  85  6:00  Supply Depot  
  85  6:02  SCV x2  
  87  6:09  Marine  
  87  6:10  Marine  
  89  6:11  Medivac x2  
  89  6:13  Combat Shield  
  89  6:18  SCV x2  
  95  6:23  SCV  
  96  6:30  SCV x2  
  96  6:31  Widow Mine x2, Marine, Supply Depot  
  96  6:32  Marauder x2  
  107  6:33  Supply Depot  
  107  6:35  SCV  
  108  6:40  Barracks Reactor  
  108  6:41  Barracks Tech Lab  
  108  6:42  SCV  
  109  6:50  Bunker  
  109  6:53  SCV x2, Marauder, Medivac x2  
  117  6:54  Marine x2  
  117  6:56  SCV  
  117  6:58  Supply Depot  
  117  6:59  Marauder, Supply Depot  
  117  7:00  Supply Depot  
  122  7:01  Refinery  
  122  7:02  Refinery  
  122  7:05  SCV x2  
  124  7:08  Armory  
  124  7:12  SCV  
  125  7:19  Marine x5  
  125  7:20  Widow Mine x2, SCV, Marauder  
  137  7:27  Supply Depot x2  
  138  7:30  Marauder, Medivac  
  138  7:31  Medivac  
  142  7:37  Marine  
  142  7:40  Marine x2  
  142  7:41  Missile Turret, Marine x2, Marauder  
  142  7:42  Missile Turret x2  
  149  7:48  Widow Mine x2  
  153  7:57  Command Center, Supply Depot  
  153  7:58  Supply Depot  
  153  8:02  Marine x4, Marauder x2  
  153  8:03  Marine  
  162  8:07  Ghost Academy  
  162  8:13  Terran Infantry Weapons Level 2  
  162  8:14  Supply Depot x2  
  162  8:15  Terran Infantry Armor Level 2  
  162  8:19  Terran Ship Weapons Level 1, Hellion  
  164  8:22  Medivac  
  166  8:35  Marine x3, Marauder  
  166  8:36  Marauder x2  
  166  8:39  Starport  
  175  8:47  Supply Depot  
  175  8:53  Marine x3  
  178  8:56  Ghost x2  
  178  8:57  Ghost  
  184  9:13  Barracks x2  
  184  9:14  Barracks  
  184  9:15  Marine x3  
  187  9:19  Starport Tech Lab  
  187  9:21  Fusion Core  
  187  9:28  Ghost x3, Command Center  
  193  9:33  Widow Mine x2  
  197  9:48  Marine x3  
  197  9:52  Planetary Fortress  
  200  10:06  Barracks Tech Lab x3  
  200  10:14  Missile Turret  
  200  10:15  Missile Turret, Advanced Ballistics  
Show
View Real Time Build Order
Export as new Build Order

A.I. 1 (Very Easy) Zerg - Winner!

Build Orders: Pool First 

Get SALT Encoding   

  12  0:00  Drone  
  13  0:12  Overlord  
  13  0:16  Drone  
  14  0:35  Spawning Pool  
  14  0:37  Extractor  
  14  0:39  Drone  
  13  0:46  Drone  
  14  0:51  Overlord  
  14  1:22  Queen  
  14  1:23  Zergling x2  
  17  1:29  Roach Warren  
  16  1:33  Drone  
  16  1:36  Extractor  
  16  1:41  Drone  
  17  1:49  Zergling x2  
  18  1:59  Drone  
  19  2:07  Drone  
  20  2:15  Zergling x2  
  20  2:16  Drone  
  22  2:27  Overlord  
  22  2:29  Drone  
  23  2:36  Drone  
  24  2:42  Roach  
  24  2:43  Drone  
  27  4:58  Zergling x2  
  27  7:09  Lair, Drone  
  28  7:16  Drone, Hatchery  
  28  7:23  Drone  
  29  7:30  Drone  
  30  7:46  Zergling x2  
  26  8:06  Overseer x2  
  26  8:26  Roach  
  28  8:29  Drone  
  29  8:36  Drone  
  29  8:40  Extractor  
  29  8:43  Drone, Extractor  
  29  8:50  Drone  
  30  8:58  Drone  
  31  9:05  Drone, Ravager  
  31  9:06  Roach  
  35  9:12  Drone  
  36  9:19  Drone  
  36  9:21  Overlord  
  37  9:26  Drone  
  38  9:34  Drone  
  39  9:41  Drone  
  40  9:48  Drone  
  41  9:55  Drone  
  42  10:02  Drone  
  43  10:10  Drone  
  44  10:17  Drone  
  44  10:18  Overlord  
  45  10:24  Drone  
  46  10:31  Drone  
  47  10:38  Drone  
  48  12:20  Hydralisk Den  
Tags
 
Add a new tag
Caveats
  • Supply blocks, unpowered buildings, or Contaminate may cause inaccurate times.
  • Supply counts are checked every 10 seconds.